 Dungeon Crawl Stone Soup version 0.29-a0-321-gf1c400731a (webtiles) character file.

Game seed: 5773248658171426958

5 Murumi the Ducker (level 1, -2/20 HPs)
             Began as a Djinni Monk on Apr 4, 2022.
             Frozen to death by an endoplasm (4 damage)
             ... on level 1 of the Dungeon.
             The game lasted 00:00:49 (204 turns).

Murumi the Ducker (Djinni Monk)                      Turns: 204, Time: 00:00:50

Health: -2/20      AC:  2    Str: 10    XL:     1   Next: 88%
Gold:   7          EV: 13    Int: 11    God:
                   SH:  0    Dex: 15

rFire   + + .      SeeInvis .   a - +0 falchion
rCold   x . .      Faith    .   (no shield)
rNeg    . . .      Spirit   .   b - +0 robe
rPois   ∞          Reflect  .   (no helmet)
rElec   .          Harm     .   (no cloak)
rCorr   .          Rampage  .   (no gloves)
Will    .....                   (boots unavailable)
Stlth   ++........              (no amulet)
HPRegen 0.06/turn               (no ring)
MPRegen 0.00/turn               (no ring)

@: flying
A: sickness immunity, fire resistance 2, cold vulnerability 1, float, innate
caster, HP casting, extra vitality 1
a: no special abilities


You were on level 1 of the Dungeon.
You visited 1 branch of the dungeon, and saw 1 of its levels.

You collected 7 gold pieces.

Inventory:

Hand Weapons
 a - a +0 falchion (weapon)
Armour
 b - a +0 robe (worn)
Scrolls
 d - a scroll of vulnerability {unknown}
Potions
 c - a potion of ambrosia


   Skills:
 - Level 3.0 Fighting
 - Level 3.0 Long Blades
 - Level 3.2 Dodging
 + Level 1.7 Stealth


You couldn't memorise any spells.
You didn't know any spells.
Your spell library was empty.

Dungeon Overview and Level Annotations

Branches:
Dungeon (1/15)

Altars:


Innate Abilities, Weirdness & Mutations

You are immune to sickness and miasma.
You are immune to poison.
Your flesh is very heat resistant. (rF++)
You are vulnerable to cold. (rC-)
You float through the air rather than walking.
You learn spells naturally, not from books.
Your magical power is your life essence.
You have superior vitality. (+4 MHP)


Message History

You closely miss the bat. The bat closely misses you.
You barely miss the bat. The bat hits you but does no damage.
You closely miss the bat. The bat hits you but does no damage.
The bat closely misses you.
You closely miss the bat. The bat closely misses you.
You miss the bat. The bat misses you.
You hit the bat.
You kill the bat!
Training target 3.0 for Long Blades reached!
Your Long Blades skill increases to level 3!
You need to enable at least one skill for training.
A kobold comes into view.
It is wielding a +2 short sword of draining.
You hit the kobold.
You kill the kobold!
Found 7 gold pieces.
Things that are here:
a +2 short sword of draining; a kobold corpse
Found 2 poisoned darts.
Found a stone staircase leading down.
You now have 7 gold pieces.
An endoplasm comes into view.
The endoplasm quivers.
The endoplasm freezes you.
You are frozen!
You feel a terrible chill!
You completely miss the endoplasm. The endoplasm closely misses you.
You hit the endoplasm but do no damage. The endoplasm freezes you.
You are frozen.
You feel a terrible chill!
You are too injured to fight recklessly!
You barely miss the endoplasm.
The endoplasm hits you but does no damage.
You hit the endoplasm but do no damage. The endoplasm hits you.
You hit the endoplasm but do no damage. The endoplasm freezes you.
You are frozen.
You feel a terrible chill!
* * * LOW HITPOINT WARNING * * *
You hit the endoplasm but do no damage. The endoplasm freezes you.
You are frozen.
You feel a terrible chill!
You die...

.. ## . ? .. #######.# .#
#.....#.####.#### ###
#......>......... ##<##
#.....###.....######...###
#................#...≈...#
######......##.....##
#.♣.≈.♣.#
#...........##.@...#
#...≈...#
#.####.....###..J..#
#^⌠.≈.⌠.# #.####.....#
#.....# #...≈...#
#..(.......# #.....#
#.♣.≈.♣.# #####......#
#.....# #...≈...#
#......#### #######
#.⌠.≈.⌠.# #......#
#...≈...# #.....)#
#.♣.≈.♣.# #......#
#...≈...#


You could see an endoplasm.

Vanquished Creatures
  A hobgoblin (D:1)
  2 bats (D:1)
  2 kobolds (D:1)
5 creatures vanquished.

Notes
Turn   | Place    | Note
-------+----------+-------------------------------------------
     0 | D:1      | Murumi the Djinni Monk began the quest for the Orb.
     0 | D:1      | Reached XP level 1. HP: 20/20 MP: 0/0
   204 | D:1      | Frozen to death by an endoplasm

Illustrated notes

Levels and vault maps discovered:
D:1:      mainiacjoe_arrival_reflecting_pool, layout_basic,
          hellmonk_ecumenical_altar_crossroads

Skill      XL: |  1 |
---------------+----+-----
Long Blades    | 3 |  3.0
Fighting       | |  3.0
Dodging        | |  3.2
Stealth        | |  1.7

Action                   || total
-------------------------++-------
Melee: Falchion          ||    19
 Stab: Sleeping          ||     2
Armor: Robe              ||     3
Dodge: Dodged            ||     7

Table legend: (Time is in decaauts)
 A = Elapsed time spent in this place.
 B = Non-inter-level travel time spent in this place.
 C = Inter-level travel time spent in this place.
 D = Time resting spent in this place.
 E = Time spent auto-exploring this place.
 F = Levels seen in this place.
 G = Mean time per level.
                   A        B        C        D        E       F      G
               +--------+--------+--------+--------+--------+-----+--------+
         Total |    206 |    206 |      0 |      0 |    151 |   1 |  206.0 |
       Dungeon |    206 |    206 |      0 |      0 |    151 |   1 |  206.0 |
               +--------+--------+--------+--------+--------+-----+--------+

Top non-repeatable levels by time:
     D:1: 206 daAuts
